 Dungeon Crawl Stone Soup version 0.28-a0-779-g3d1f99b579 (webtiles) character file.

Game seed: 1685613264077274793

182 cheechan the Slasher (level 5, 0/49 HPs)
             Began as a Naga Fighter on Nov 2, 2021.
             Slain by an ufetubus (2 damage)
             ... on level 4 of the Dungeon.
             The game lasted 00:06:27 (1786 turns).

cheechan the Slasher (Naga Fighter)                 Turns: 1786, Time: 00:06:27

Health: 0/49       AC:  8    Str: 19    XL:     5   Next: 61%
Magic:  5/5        EV:  7    Int:  8    God:
Gold:   119        SH:  4    Dex: 11    Spells: 4/4 levels left

rFire   . . .      SeeInvis +   a - +0 long sword
rCold   . . .      Faith    +   c - +0 buckler
rNeg    . . .      Spirit   .   b - +0 scale mail
rPois   +          Reflect  .   (no helmet)
rElec   .          Harm     .   g - +2 cloak
rCorr   .          Rampage  .   (no gloves)
Will    .....                   (no barding)
Stlth   ..........              m - amulet of faith
HPRegen 0.16/turn               (no ring)
MPRegen 0.09/turn               (no ring)

@: short of breath, very slow
A: AC +1, large, see invisible, deformed body, poison resistance, slowness 2,
spit poison 1, naga tail 1
a: Spit Poison


You were on level 4 of the Dungeon.
You visited 1 branch of the dungeon, and saw 4 of its levels.

You collected 119 gold pieces.

Inventory:

Hand Weapons
 a - a +0 long sword (weapon)
 j - a +0 hunting sling
 k - a +0 dagger of holy wrath
 q - a +0 dagger of protection
Missiles
 e - 5 boomerangs
 i - 32 bolts
 n - 17 arrows
 o - 4 atropa-tipped darts
Armour
 b - a +0 scale mail (worn)
 c - a +0 buckler (worn)
 g - a +2 cloak (worn)
Jewellery
 m - an amulet of faith (around neck)
Scrolls
 l - 4 scrolls of fear
 p - a scroll of teleportation
Potions
 d - a potion of might
 f - a potion of haste {unknown}
 h - 2 potions of degeneration {unknown}


   Skills:
 + Level 3.6 Fighting
 + Level 3.7 Long Blades
 + Level 3.3 Armour
 + Level 0.8 Dodging
 + Level 1.0 Stealth
 + Level 2.7 Shields


You had 4 spell levels left.
You didn't know any spells.
Your spell library was empty.

Dungeon Overview and Level Annotations

Branches:
Dungeon (4/15)
 Temple: D:4-7

Altars:

Shops:
D:1 =   D:2 :


Innate Abilities, Weirdness & Mutations

Your serpentine skin is tough. (AC +1)
You have supernaturally acute eyesight. (SInv)
Armour fits poorly on your strangely shaped body.
Your system is resistant to poisons. (rPois)
You cover ground very slowly.
You can spit poison.
You have a snake-like lower body.


Message History

Abil: Spit Poison
Press: ? - help, Q - select action, (/) - cycle Shift-Dir - straight line, f - ufetubus
Aim: an ufetubus (almost dead)
The splash of poison hits the ufetubus but does no damage.
The ufetubus is almost dead.
The ufetubus closely misses you. The ufetubus barely misses you.
You closely miss the ufetubus.
The ufetubus is almost dead.
The ufetubus hits you but does no damage.
You block the ufetubus's attack.
The ufetubus hits you but does no damage. x2
You barely miss the ufetubus.
The ufetubus is almost dead.
You have got your breath back.
The ufetubus hits you but does no damage. x2
The ufetubus closely misses you.
The ufetubus hits you but does no damage.
You miss the ufetubus.
The ufetubus is almost dead.
The ufetubus barely misses you. x2
The ufetubus hits you but does no damage.
The ufetubus barely misses you.
You closely miss the ufetubus.
The ufetubus is almost dead.
The ufetubus hits you but does no damage. x2
You block the ufetubus's attack. The ufetubus hits you.
* * * LOW HITPOINT WARNING * * *
Abil: Spit Poison
Press: ? - help, Q - select action, (/) - cycle Shift-Dir - straight line, f/p - ufetubus
Aim: an ufetubus (almost dead)
The splash of poison misses the ufetubus.
You block the ufetubus's attack. The ufetubus closely misses you.
Unknown command.
You miss the ufetubus.
The ufetubus is almost dead.
The ufetubus hits you but does no damage. x4
You completely miss the ufetubus.
The ufetubus is almost dead.
The ufetubus hits you.
You die...

#.....#.# ###..#8...#
........8.# ..
#.....P...# ##.
#......(.#
#..###.......#### .
.##...# ##...#...#
.##.....####...5@...#
........P........P..#
....##.............##
..<.##..P...........#
.....#....##........#
....<...[..#.......##
#..........#....####
#<..##......#....#
.........#.###..##


You could see an ufetubus.

Vanquished Creatures
  A hound (D:2)
  A bullfrog skeleton (D:4)
  A hound zombie (D:4)
  3 adders
  3 adder zombies (D:4)
  3 adder skeletons (D:4)
  2 worms
  A dart slug (D:1)
  An orc (D:3)
  6 ball pythons
  4 endoplasms
  5 giant cockroaches
  2 goblins
  3 hobgoblins (D:1)
  4 quokkas (D:1)
  7 bats
  7 kobolds
  3 rats
57 creatures vanquished.

Notes
Turn   | Place    | Note
-------+----------+-------------------------------------------
     0 | D:1      | cheechan the Naga Fighter began the quest for the Orb.
     0 | D:1      | Reached XP level 1. HP: 21/21 MP: 1/1
   218 | D:1      | Reached XP level 2. HP: 12/28 MP: 2/2
   218 | D:1      | Found a faded altar of an unknown god.
   431 | D:1      | Reached XP level 3. HP: 34/34 MP: 3/3
   535 | D:1      | Found Kyucarr's Jewellery Shop.
   812 | D:2      | Reached skill level 1 in Stealth
   812 | D:2      | Reached XP level 4. HP: 36/42 MP: 4/4
  1225 | D:2      | Found Noddib's Book Emporium.
  1709 | D:4      | Reached XP level 5. HP: 45/49 MP: 5/5
  1778 | D:4      | HP: 2/49 [ufetubus (3)]
  1783 | D:4      | HP: 2/49 [ufetubus (1)]
  1786 | D:4      | Slain by an ufetubus

Illustrated notes

Levels and vault maps discovered:
D:1:      saegor_arrival_under_anarchy, layout_loops_ring,
          chequers_ecumenical_altar_simple, serial_shops, nicolae_shop_crystal
D:2:      layout_basic, serial_rivers, chequers_serial_rivers_micro_a,
          chequers_serial_rivers_micro_a, chequers_serial_rivers_small_a,
          chequers_serial_rivers_marsh, chequers_serial_rivers_micro_a,
          chequers_serial_rivers_micro_a, serial_shops, nicolae_shop_waterfront
D:3:      layout_rooms
D:4:      gammafunk_wand_slinger, layout_cave_pools,
          ebering_ghost_reflecting_pool, serial_undead, serial_undead_e,
          serial_undead_d, serial_undead_e, serial_undead_c, serial_undead_e,
          serial_undead_b, serial_undead_d, serial_undead_e, serial_undead_e,
          serial_undead_f

Skill      XL: |  1  2  3  4 |
---------------+-------------+-----
Armour         | 3 |  3.3
Stealth        | 1 |  1.0
Long Blades    | 3 |  3.7
Fighting       | |  3.6
Dodging        | |  0.8
Shields        | |  2.7

Action                   |  1- 3 |  4- 6 || total
-------------------------+-------+-------++-------
Melee: Long sword        |    70 |   152 ||   222
 Abil: Spit Poison       |     5 |    12 ||    17
  Use: Scroll            |     3 |     2 ||     5
Armor: Scale mail        |    57 |   163 ||   220
Dodge: Dodged            |    34 |   103 ||   137
Block: Buckler           |    15 |    51 ||    66

Table legend: (Time is in decaauts)
 A = Elapsed time spent in this place.
 B = Non-inter-level travel time spent in this place.
 C = Inter-level travel time spent in this place.
 D = Time resting spent in this place.
 E = Time spent auto-exploring this place.
 F = Levels seen in this place.
 G = Mean time per level.
                   A        B        C        D        E       F      G
               +--------+--------+--------+--------+--------+-----+--------+
         Total |   2457 |   2457 |      0 |      0 |      0 |   4 |  614.2 |
       Dungeon |   2457 |   2457 |      0 |      0 |      0 |   4 |  614.2 |
               +--------+--------+--------+--------+--------+-----+--------+

Top non-repeatable levels by time:
     D:1: 1001 daAuts
     D:2: 736 daAuts
     D:3: 588 daAuts
     D:4: 131 daAuts
